 Dungeon Crawl Stone Soup version 0.31.0-11-ge490571c62 (webtiles) character file.

Game seed: 15243713818751860851

59 qw the Shooter (level 3, 0/20 HPs)
             Began as a Deep Elf Hunter on Feb 4, 2024.
             Slain by a goblin
             ... wielding a +0 club
             ... led by Robin
              (4 damage)
             ... on level 2 of the Dungeon.
             The game lasted 00:00:05 (728 turns).

qw the Shooter (Deep Elf Hunter)                     Turns: 728, Time: 00:00:05

Health: 0/20       AC:  3    Str: 10    XL:     3   Next: 78%
Magic:  5/5        EV: 12    Int: 13    God:
Gold:   91         SH:  0    Dex: 18    Spells: 2/2 levels left

rFire   . . .        a - +0 shortbow
rCold   . . .        (shield currently unavailable)
rNeg    . . .        c - +0 leather armour
rPois   .            (no helmet)
rElec   .            (no cloak)
rCorr   .            (no gloves)
SInv    .            (no boots)
Will    .....        (no amulet)
Stlth   ++           (no ring)
HPRegen 0.23/turn    (no ring)
MPRegen 0.09/turn

%: no passive effects
@: no status effects
A: no striking features
a: no special abilities


You were on level 2 of the Dungeon.
You visited 1 branch of the dungeon, and saw 2 of its levels.

You collected 91 gold pieces.


   Skills:
 - Level 1.5 Fighting
 + Level 7.3 Ranged Weapons
 - Level 2.4 Dodging
 - Level 1.2 Stealth


You had 2 spell levels left.
You didn't know any spells.
Your spell library was empty.

Inventory:

Hand Weapons
 a - a +0 shortbow (weapon)
Armour
 c - a +0 leather armour (worn)
 f - a +0 ring mail
Jewellery
 b - a ring of protection from cold
Potions
 d - a potion of curing {unknown}
 e - a potion of degeneration {unknown}

Dungeon Overview and Level Annotations

Branches:
Dungeon (2/15)

Altars:


Message History

The goblin barely misses you.
You shoot an arrow. The arrow hits the goblin.
You kill the goblin!
A goblin comes into view. It is wielding a +0 club.
Your Ranged Weapons skill increases to level 7!
You shoot an arrow. The arrow closely misses Robin.
Robin hits you from afar with a +0 trident.
You shoot an arrow. The arrow hits Robin!
Robin is heavily wounded.
Robin throws the goblin at you! The goblin closely misses you.
A goblin comes into view. It is wielding a +0 dagger.
You shoot an arrow. The goblin shouts!
The arrow hits the goblin.
You kill the goblin!
A goblin comes into view. It is wielding a +0 club.
Robin hits you from afar with a +0 trident.
You shoot an arrow. The arrow barely misses Robin.
The goblin shouts!
Robin hits you from afar with a +0 trident.
You shoot an arrow. The arrow hits Robin!
You kill Robin!
You shoot an arrow. The arrow barely misses the goblin.
The arrow hits the goblin.
The goblin is moderately wounded.
You shoot an arrow. The arrow hits the goblin.
You kill the goblin!
The goblin hits you with a +0 club.
You shoot an arrow. The arrow hits the goblin.
The goblin is moderately wounded.
The goblin no longer looks unusually strong.
The goblin barely misses you. x3
You shoot an arrow. The arrow hits the goblin.
You kill the goblin!
The goblin closely misses you.
You shoot an arrow. The arrow barely misses the goblin. x2
You shoot an arrow. The arrow hits the goblin.
The goblin is severely wounded.
The goblin hits you but does no damage. The goblin hits you with a +0 club.
You die... .# .# . #. .# .. #. .###.# #.. ..... #... gg.

#.#.###g# #....)@g#
##+# ###....## ##...##
####.## ##.....##
##...## ##.......###
##....(###.........##
##........+.........'.
#.........#.........##
##.......###.......###
##.....## ##...<.## #


You could see a hobgoblin (strong) and 3 goblins.

Vanquished Creatures
  Robin (D:2)
  4 bats (D:1)
  An endoplasm (D:1)
  2 giant cockroaches (D:1)
  12 goblins
  3 hobgoblins
  6 jackals (D:1)
  A quokka (D:1)
  4 ball pythons (D:1)
  3 frilled lizards (D:1)
  A kobold (D:1)
  2 rats (D:1)
40 creatures vanquished.

Notes
Turn   | Place    | Note
-------+----------+-------------------------------------------
     0 | D:1      | qw the Deep Elf Hunter began the quest for the Orb.
     0 | D:1      | Reached XP level 1. HP: 12/12 MP: 3/3
     0 | D:1      | 0 ||| qw: Version: 0.3-a-160-g6735b56
     0 | D:1      | 0 ||| qw: Game counter: 6037
     0 | D:1      | 0 ||| qw: Melee chars always use a shield: true
     0 | D:1      | 0 ||| qw: God list: Okawaru
     0 | D:1      | 0 ||| qw: Allow faded altars: false
     0 | D:1      | 0 ||| qw: Do Orc after clearing Dungeon:15 true
     0 | D:1      | 0 ||| qw: Do second Lair branch before Depths: true
     0 | D:1      | 0 ||| qw: Lair rune preference: random
     0 | D:1      | 0 ||| qw: Goals: Normal
     0 | D:1      | 0 ||| PLANNING D:1-11
   107 | D:1      | Reached skill level 6 in Ranged Weapons
   107 | D:1      | Reached XP level 2. HP: 11/16 MP: 4/4
   227 | D:1      | Found a faded altar of an unknown god.
   403 | D:1      | Reached XP level 3. HP: 20/20 MP: 5/5
   503 | D:1      | 503 ||| READING scroll labelled IDWOQO ZAVAEHA.
   504 | D:1      | 504 ||| READING scroll labelled REHEAS WAOTIX.
   605 | D:1      | 605 ||| DROPPING scroll of butterflies.
   710 | D:2      | Noticed Robin
   718 | D:2      | Reached skill level 7 in Ranged Weapons
   722 | D:2      | Killed Robin
   724 | D:2      | HP: 3/20 [goblin/+0 club[Robin] (5)]
   728 | D:2      | Slain by a goblin

Levels and vault maps discovered:
D:1:      elethiomel_arrival_quiet, layout_basic,
          dilly_ecumenical_altar_fadedgnrine, kennysheep_another_room
D:2:      layout_loops_corners, uniq_robin, uniq_natasha

Skill      XL: |  1  2  3 |
---------------+----------+-----
Ranged Weapons | 6 7 |  7.3
Fighting       | |  1.5
Dodging        | |  2.4
Stealth        | |  1.2

Action                     || total
---------------------------++-------
   Fire: Shortbow          ||   104
    Use: Scroll            ||     2
 Armour: Leather armour    ||    37
  Dodge: Dodged            ||    40

Table legend:
 A = Non-vault XP
 B = Vault XP
 C = Vault XP percentage of total XP
 D = Non-vault monster count
 E = Vault monster count
 F = Vault count percentage of total count
                 A         B        C        D         E       F
            +---------+---------+-------+---------+---------+-------
      Total |      53 |      32 |  37.6 |      31 |       9 |  22.5
            +---------+---------+-------+---------+---------+-------
        D:1 |      49 |       0 |   0.0 |      29 |       0 |   0.0
        D:2 |       4 |      32 |  88.9 |       2 |       9 |  81.8
            +---------+---------+-------+---------+---------+-------
